 Dungeon Crawl Stone Soup version 0.29.1-1-gd02db6906a (webtiles) character file.

Game seed: 3694104671351367025

6912 hawla the Destroyer (level 10, -4/96 HPs)
             Began as a Yellow Draconian Conjurer on Sept 26, 2022.
             Was a Believer of Vehumet.
             Killed by divine providence
             ... invoked by a meliai
              (12 damage)
             ... on level 10 of the Dungeon.
             The game lasted 00:41:54 (13185 turns).

hawla the Destroyer (Yellow Draconian Conjurer)    Turns: 13185, Time: 00:41:54

Health: -4/96      AC: 10    Str: 16    XL:     10   Next: 79%
Magic:  3/17       EV: 13    Int: 29    God:    Vehumet [**....]
Gold:   452        SH:  0    Dex:  9    Spells: 8/18 levels left

rFire   . . .      SeeInvis .   x - staff of earth
rCold   . . .      Faith    .   (no shield)
rNeg    . . .      Spirit   .   (body armour unavailable)
rPois   .          Reflect  .   (helmet restricted)
rElec   .          Harm     .   d - +1 cloak
rCorr   +          Rampage  .   (no gloves)
Will    .....                   m - +0 pair of boots
Stlth   ++........              (no amulet)
HPRegen 0.26/turn               r - +6 ring of strength
MPRegen 0.15/turn               v - +6 ring of intelligence

@: no status effects
A: spit acid, AC +7, unfitting armour, cold-blooded, acid resistance, antennae
1, robust 1
a: Breathe Acid, Renounce Religion


You were on level 10 of the Dungeon.
You worshipped Vehumet.
Vehumet was pleased with you.
You visited 2 branches of the dungeon, and saw 11 of its levels.
You also visited: Sewer.

You collected 452 gold pieces.

Inventory:

Hand Weapons
 j - a +4 trident of freezing
 n - a +0 quarterstaff
Missiles
 q - 5 boomerangs
 s - 12 poisoned darts (quivered)
 u - 2 boomerangs of dispersal
Armour
 d - a +1 cloak (worn)
 m - a +0 pair of boots (worn)
Magical Staves
 x - a staff of earth (weapon)
Jewellery
 r - a +6 ring of strength (left hand)
 v - a +6 ring of intelligence (right hand)
 B - a ring of magical power
Wands
 k - a wand of polymorph (6)
 w - a wand of digging (8)
 y - a wand of mindburst (15)
Scrolls
 a - 2 scrolls of identify
 c - a scroll of amnesia
 e - 2 scrolls of magic mapping
Potions
 f - 2 potions of flight
 g - a potion of might
 h - 3 potions of brilliance
 i - 2 potions of attraction
 l - 5 potions of curing
 o - 2 potions of haste


   Skills:
 + Level 7.7 Fighting
 + Level 2.4 Staves
 + Level 4.5 Dodging
 - Level 2.0 Stealth
 + Level 4.6 Spellcasting
 + Level 9.0 Conjurations
 + Level 3.8 Necromancy
 + Level 3.6 Translocations
 + Level 8.9 Fire Magic
 + Level 1.0 Earth Magic
 + Level 6.1 Poison Magic
 + Level 1.0 Evocations


You had 8 spell levels left.
You knew the following spells:

 Your Spells              Type           Power      Damage    Failure   Level
a - Magic Dart            Conj           100%       1d8       1%          1
b - Searing Ray           Conj           100%       2d8       1%          2
c - Iskenderun's Mystic   Conj/Tloc      43%        2d10      4%          4
d - Vampiric Draining     Necr           29%        2d8       4%          3

Your spell library contained the following spells:

 Spells                   Type           Power      Damage    Failure   Level
 Shock                    Conj/Air       100%       1d9       1%          1
 Sting                    Tmut/Pois      96%        1d7       1%          1
 Poisonous Vapours        Pois/Air       48%        N/A       2%          2
 Dazzling Flash           Conj/Hex       66%        N/A       3%          3
 Slow                     Hex            24%        N/A       6%          1
 Fulminant Prism          Conj/Hex       16%        3d11      10%         4
 Corpse Rot               Necr/Pois/Air  26%        N/A       16%         4
 Confusing Touch          Hex            6%         N/A       19%         3
 Swiftness                Air            6%         N/A       19%         3
 Airstrike                Air            3%         2d(1-17)  54%         4
 Yara's Violent Unravell  Hex/Tmut       3%         3d4       87%         5


Dungeon Overview and Level Annotations

Branches:
Dungeon (10/15)            Temple (1/1) D:5            Lair (0/5) D:10
    Orc (0/2) D:9           Sewer (visited)

Altars:
Ashenzari
Cheibriados
Elyvilon
Fedhas
Gozag
Hepliaklqana
Kikubaaqudgha
Makhleb
Nemelex Xobeh
Okawaru
Qazlal
Ru
Sif Muna
Trog
Uskayaw
Vehumet
Wu Jian
Xom
Yredelemnul
Zin
The Shining One

Shops:
D:3 (

Annotations:
D:7 2 runed translucent doors, exclusion: orange crystal statue
D:8 3 runed translucent doors, holycorn's ghost, novice MiBe
D:10 Lodul


Innate Abilities, Weirdness & Mutations

You can spit globs of acid.
Your golden yellow scales are hard. (AC +7)
You cannot fit into any form of body armour.
You are cold-blooded and may be slowed by cold attacks.
You are resistant to acid. (rCorr)
You have a pair of small antennae on your head.
You are robust. (+10% HP)


Message History

The yak is knocked back by the mystic blast.
The yak slams into the rock wall!
The yak is severely wounded.
The mystic blast hits the yak!
The yak is heavily wounded.
The mystic blast hits the yak!
The yak is almost dead.
You hear a shout!
The yak gores you!
Casting: Iskenderun's Mystic Blast (dangerous; 4% risk of failure)
Confirm with . or Enter, or press ? or * to list all spells.
You don't have enough magic to cast this spell.
Blink to where?
Press: ? - help, Dir - move target
As you read the scroll of blinking, it crumbles to dust.
A meliai comes into view. It is wielding a +0 hand axe.
A meliai comes into view. It is wielding a +0 broad axe.
The meliai buzzes angrily.
A meliai comes into view. It is wielding a +0 hand axe.
The meliai mumbles some strange prayers to its god against you.
Something smites you!
* * * LOW HITPOINT WARNING * * *
Okay, then.
Okay, then.
You feel better.
The meliai buzzes angrily.
The meliai mumbles some strange prayers to its god against you.
Something smites you!
* * * LOW HITPOINT WARNING * * *
The meliai mumbles some strange prayers to its god against you.
Something smites you!
* * * LOW HITPOINT WARNING * * *
The meliai closely misses you. The meliai stings you.
* * * LOW HITPOINT WARNING * * *
You are lethally poisoned!
The meliai poisons you!
You feel better.
The meliai calls down the wrath of its god upon you.
Something smites you!
You die...

..# #.##+ #.... #....
#.... #..§Y #.Y##
...#################..#
.h....y@...YYO........#
......y...............#
.....y................#
......................#
...........######.....#.
.~~.~.~..... #.....#.
≈~~.~.~≈..... #.....#.
≈~~.~.~~~....# ##....#.
.~≈≈≈~....# #....#.


You could see 2 yaks, an ogre, 3 meliai and a hound.

Vanquished Creatures
  A two-headed ogre (D:9)
  Prince Ribbit (D:7)
  Grinder (D:3)
  Sigmund (D:3)
  A vampire (D:9)
  4 yaks
  A wyvern (D:9)
  2 steam dragons (D:7)
  3 water moccasins
  2 ice beasts
  4 orc warriors
  A sky beast (D:6)
  4 ogres
  3 black bears
  2 wolves (D:10)
  2 centaurs
  2 lemures
  A kobold brigand (Sewer)
  2 bullfrogs
  3 scorpions
  5 wights (D:7)
  9 killer bees (D:8)
  2 howler monkeys
  An electric eel (D:10)
  A jelly (D:7)
  4 orc priests
  6 hounds
  Natasha (thrice) (D:4)
  2 iguanas (D:5)
  3 orc wizards
  Terence (D:3)
  9 adders
  2 river rats (D:6)
  3 shadow imps
  A white imp (D:6)
  An ufetubus (D:5)
  2 worms (D:2)
  25 orcs
  6 bats
  6 endoplasms
  2 giant cockroaches
  6 goblins
  6 hobgoblins
  5 jackals
  14 kobolds
  7 quokkas
  10 ball pythons
  6 frilled lizards
  14 rats
203 creatures vanquished.

Vanquished Creatures (collateral kills)
  A wyvern (D:7)
  A sky beast (D:7)
  2 wights (D:7)
4 creatures vanquished.

Vanquished Creatures (others)
  6 fungi (D:3)
  17 plants
23 creatures vanquished.

Grand Total: 230 creatures vanquished

Notes
Turn   | Place    | Note
-------+----------+-------------------------------------------
     0 | D:1      | hawla the Draconian Conjurer began the quest for the Orb.
     0 | D:1      | Reached XP level 1. HP: 14/14 MP: 3/3
   321 | D:1      | You fall into a shaft and drop 1 floor!
   509 | D:1      | Reached XP level 2. HP: 22/22 MP: 0/5
   512 | D:1      | Learned a level 2 spell: Searing Ray
   659 | D:1      | Found a faded altar of an unknown god.
  1265 | D:2      | Reached XP level 3. HP: 27/27 MP: 1/6
  2193 | D:2      | Reached XP level 4. HP: 34/34 MP: 4/7
  2198 | D:2      | Learned a level 4 spell: Iskenderun's Mystic Blast
  2408 | D:2      | Reached skill level 5 in Conjurations
  2851 | D:3      | Noticed Terence
  2889 | D:3      | Killed Terence
  3252 | D:3      | Identified the +1 ring mail "Himaex" {Str+4}
  3452 | D:3      | Reached skill level 1 in Translocations
  3452 | D:3      | Reached XP level 5. HP: 39/39 MP: 2/8
  3712 | D:3      | Found a white marble altar of Elyvilon.
  3786 | D:3      | Found a blossoming altar of Fedhas.
  3786 | D:3      | Found a stormy altar of Qazlal.
  3853 | D:3      | Noticed Sigmund
  3922 | D:3      | Killed Sigmund
  3923 | D:3      | Reached skill level 6 in Conjurations
  3923 | D:3      | Reached XP level 6. HP: 20/46 MP: 1/9
  4129 | D:3      | Found Kupekk's Antique Weapon Boutique.
  4277 | D:3      | Noticed Grinder
  4290 | D:3      | Paralysed by Grinder for 3 turns
  4295 | D:3      | Killed Grinder
  4296 | D:3      | Reached skill level 7 in Conjurations
  4635 | D:4      | Found an ancient bone altar of Kikubaaqudgha.
  4921 | D:4      | Noticed Natasha
  5024 | D:4      | Killed Natasha
  5025 | D:4      | Your scales start taking on a golden yellow colour.
  5025 | D:4      | Reached XP level 7. HP: 51/51 MP: 6/10
  5025 | D:4      | Gained mutation: You are resistant to acid. (rCorr) [Yellow
                  | Draconian growth]
  5025 | D:4      | Reached XP level 8. HP: 71/71 MP: 6/11
  5107 | D:4      | Noticed Natasha
  5111 | D:4      | Killed Natasha
  5245 | D:4      | Noticed Natasha
  5276 | D:4      | Killed Natasha
  5619 | D:5      | Entered Level 5 of the Dungeon
  5818 | D:5      | Found a staircase to the Ecumenical Temple.
  5854 | Temple   | Entered the Ecumenical Temple
  5963 | Temple   | Became a worshipper of Vehumet
  6384 | D:5      | Reached skill level 8 in Conjurations
  7308 | D:6      | Found a glowing drain.
  7312 | D:6      | Reached * piety under Vehumet
  7312 | D:6      | Offered knowledge of Foxfire by Vehumet.
  7427 | Sewer    | Entered a sewer
  7582 | Sewer    | Reached XP level 9. HP: 78/78 MP: 0/13
  7694 | Sewer    | Found a white marble altar of Elyvilon.
  7754 | D:6      | Reached skill level 1 in Evocations
  7903 | D:6      | Reached skill level 1 in Earth Magic
  7967 | D:6      | Reached skill level 1 in Staves
  8995 | D:7      | Noticed Prince Ribbit
  8999 | D:7      | Killed Prince Ribbit
  9054 | D:7      | Noticed an orange crystal statue
  9057 | D:7      | Found a runed translucent door.
  9057 | D:7      | Found the +10 tower shield of Ignorance {rN+ Int-4}
  9077 | D:7      | Found a runed translucent door.
  9784 | D:7      | Found a bloodstained altar of Trog.
 10019 | D:7      | Gained mutation: You have a pair of small antennae on your
                  | head. [potion of mutation]
 10019 | D:7      | Gained mutation: You are robust. (+10% HP) [potion of
                  | mutation]
 10040 | D:7      | Reached XP level 10. HP: 14/94 MP: 5/15
 10592 | D:6      | Learned a level 3 spell: Vampiric Draining
 10870 | D:7      | Offered knowledge of Poisonous Vapours by Vehumet.
 11191 | D:8      | Reached skill level 1 in Necromancy
 11514 | D:8      | Found a runed translucent gate.
 11514 | D:8      | Found a runed translucent gate.
 11514 | D:8      | Found a runed translucent gate.
 11519 | D:8      | Found an opulent altar of Gozag.
 11522 | D:8      | Noticed a tengu warrior
 11522 | D:8      | Noticed holycorn's ghost (novice MiBe)
 11541 | D:8      | Reached ** piety under Vehumet
 11997 | D:8      | Got the Codex of Variation
 12087 | D:9      | Noticed a two-headed ogre
 12097 | D:9      | Killed a two-headed ogre
 12098 | D:9      | Reached skill level 9 in Conjurations
 12410 | D:9      | Identified the +5 scale mail "Pereomm" {Harm *Corrode Int+5
                  | Dex-3}
 12498 | D:9      | Found a staircase to the Orcish Mines.
 12539 | D:10     | Entered Level 10 of the Dungeon
 13132 | D:10     | Found a staircase to the Lair.
 13167 | D:10     | Noticed Lodul
 13184 | D:10     | HP: 3/96 [meliai/divine providence (14)]
 13184 | D:10     | HP: 1/96 [meliai/+0 hand axe (2)]
 13185 | D:10     | Killed from afar by a meliai

Illustrated notes

Levels and vault maps discovered:
D:1:      nzn_arrival_depleted_hourglass, layout_basic,
          shapermc_ecumenical_altar_mp_vishouse, lexackson_kobold_supper
D:2:      layout_loops_ring, kennysheep_generic_room_15
D:3:      layout_basic, elyvilon_altar_5,
          grunt_temple_overflow_forces_of_nature, serial_shops,
          nicolae_shop_crystal, chequers_big_river, minmay_puff, uniq_grinder,
          uniq_sigmund, uniq_terence
D:4:      layout_loops_cross, kiku_gazebo_pond_becter, uniq_natasha
D:5:      layout_loops_ring, minmay_temple_entry_glass, roderic_lattice_a,
          minivault_14, st_stairs_14
D:6:      layout_basic, portal_sewer_entry_e, nicolae_eternal_life
D:7:      layout_basic, mainiacjoe_overflow_tiny_flanked,
          chequers_guarded_unrand_ignorance, uniq_prince_ribbit1
D:8:      layout_cave_pools, ebering_ghost_gozag
D:9:      layout_basic, david_orc_5, uniq_pikel
D:10:     layout_irregular_city, grunt_dithmenos_shadows, erik_lair_island,
          uniq_lodul
Temple:   nicolae_temple_superstar

Skill      XL: |  1  2  3  4  5  6  7  8  9 10 |
---------------+-------------------------------+-----
Stealth        | 2 |  2.0
Dodging        | 2 4 |  4.5
Conjurations   | 5 6 7 8 9 |  9.0
Translocations | 1 2 3 |  3.6
Fighting       | 6 7 |  7.7
Fire Magic     | 8 |  8.9
Poison Magic   | 6 |  6.1
Evocations     | 1 |  1.0
Earth Magic    | 1 |  1.0
Staves         | 1 2 |  2.4
Spellcasting   | 3 4 |  4.6
Necromancy     | 3 |  3.8

Action                   |  1- 3 |  4- 6 |  7- 9 | 10-12 || total
-------------------------+-------+-------+-------+-------++-------
Melee: Unarmed           |    46 |    12 |    18 |       ||    76
       Tailslap          |     3 |     1 |    17 |    14 ||    35
       Staff             |       |       |   100 |    62 ||   162
       Short sword       |       |       |    30 |       ||    30
       Punch             |       |       |     4 |     2 ||     6
Throw: Dart              |       |       |       |     1 ||     1
 Cast: Magic Dart        |    39 |    39 |    42 |    14 ||   134
       Searing Ray       |    15 |    31 |    42 |    29 ||   117
       Iskenderun's Myst |       |     1 |    18 |    29 ||    48
       Vampiric Draining |       |       |       |     1 ||     1
  Use: Scroll            |       |     4 |     9 |     6 ||    19
       Potion            |       |     1 |    12 |    10 ||    23
Armor: Skin              |    22 |    18 |   141 |    70 ||   251
Dodge: Dodged            |    52 |    31 |   238 |   115 ||   436
